cohdb
Replays
Latest Replays
All Replays
Popular Replays
Top Player Replays
Match Explorer
How It Works
Community
CoH3 Stats
Reddit
Sign in to upload your games and track your stats! →
Sign in with Steam
Match 45109632
Unlisted
Match 45109632
Overview
Messages
Build Orders
End
Panzergrenadier Squad
Selects Armored Support Battlegroup
250 Light Carrier
Panzergrenadier Squad
Construct Light Support Kompanie
Combat Half-tracks
Fire Support Elements
Selects Salvage Kits
Panzerpioneer Squad
Flakvierling Half-track
Pak 38 Mechanized Group
Assault Grenadier Squad
Construct Panzerarmee Kommand
Selects Panzer Storm
Selects Superior Fire Drills
Vehicle Survival Package
Emergency Repair Kits
Panzer III L Medium Tank
Rapid Advance
Panzer III L Medium Tank
Armored Reserves
Panzer Storm
Advanced Optics
Tungsten Core Ammunition
Assault Grenadier Squad
Tiger Heavy Tank
Panzer Storm
Venturi
OUTPOST NS/WP
BrainySmurf
demenza058
Adam Kadmon
Stratego
0
0
Comments
sign in to comment!
No comments posted yet!